 Dungeon Crawl Stone Soup version 0.20.1-1-g8b1a95d (webtiles) character file.

1285 letownia2 the Reanimator (level 8, -3/64 HPs)
             Began as a Deep Dwarf Necromancer on Dec 18, 2017.
             Was an Initiate of Gozag.
             Slain by an orc warrior
             ... wielding a +0 scimitar
              (19 damage)
             ... on level 7 of the Dungeon.
             The game lasted 00:20:23 (7637 turns).

letownia2 the Reanimator (Deep Dwarf Necromancer)   Turns: 7637, Time: 00:20:23

Health: -3/64      AC:  5    Str: 12    XL:     8   Next: 29%
Magic:  0/17       EV: 11    Int: 18    God:    Gozag
Gold:   560        SH:  0    Dex: 13    Spells: 16/20 levels left

rFire    + . .     SeeInvis .   A - staff of fire (curse)
rCold    . . .     Gourm    .   (no shield)
rNeg     . . .     Faith    .   v - +0 ring mail
rPois    .         Spirit   .   (no helmet)
rElec    .         Reflect  .   (no cloak)
rCorr    .         Harm     .   (no gloves)
MR       +....                  (no boots)
Stlth    ..........             m - amulet of magic regeneration
Regen    0.0/turn               d - ring of flight
MPRegen  0.2/turn               s - ring of loudness (curse)

@: non-regenerating
A: damage resistance, heal wounds, sense surroundings 1, no regeneration
a: Heal Wounds, Potion Petition, Call Merchant, Bribe Branch, Renounce Religion,
Evoke Flight


You were on level 7 of the Dungeon.
You worshipped Gozag.
Gozag was pleased with you.
You were not hungry.

You visited 2 branches of the dungeon, and saw 8 of its levels.
You also visited: Sewer.

You collected 675 gold pieces.
You paid 115 gold pieces to Gozag.

Inventory:

Hand Weapons
 a - a +0 short sword
 n - a +0 war axe
 t - a +0 spear of freezing
 I - a +0 dagger of draining
 L - a +0 short sword
Missiles
 u - 4 curare-tipped needles
 x - 67 bolts
 y - 4 javelins (quivered)
 H - 8 tomahawks
Armour
 e - a +0 robe
 p - a +0 scale mail
 v - a +0 ring mail (worn)
Magical Staves
 A - a cursed staff of fire (weapon)
Jewellery
 d - a ring of flight (left hand)
 m - an amulet of magic regeneration (around neck)
 s - a cursed ring of loudness (right hand)
Scrolls
 f - 12 scrolls of identify
 h - 6 scrolls of teleportation
 i - a scroll of fog {unknown}
 l - 3 scrolls of recharging {unknown}
 q - a scroll of enchant armour {unknown}
 r - 3 scrolls of remove curse {unknown}
 B - a scroll of blinking {unknown}
 D - 2 scrolls of random uselessness {unknown}
 E - a scroll of enchant weapon {unknown}
 G - 2 scrolls of amnesia {unknown}
Potions
 g - 2 potions of invisibility {unknown}
 j - 3 potions of flight
 k - 2 potions of degeneration {unknown}
 o - 3 potions of curing
 z - a potion of might {unknown}
 C - 2 potions of heal wounds {unknown}
 F - a potion of agility {unknown}
 J - 2 potions of brilliance {unknown}
Books
 b - a book of Necromancy

   Spells                             Type                      Level
   a - Pain                           Necromancy                   1
   b - Animate Skeleton               Necromancy                   1
   c - Vampiric Draining              Necromancy                   3
   d - Regeneration                   Charms/Necromancy            3
   e - Animate Dead                   Necromancy                   4
   f - Control Undead                 Necromancy                   4
Comestibles
 c - a bread ration
 w - 4 meat rations


   Skills:
 - Level 1.4 Fighting
 - Level 1.2 Armour
 - Level 2.1 Dodging
 - Level 2.4 Stealth
 + Level 6.5 Spellcasting
 - Level 8.2 Necromancy


You had 16 spell levels left.
You knew the following spells:

 Your Spells              Type           Power        Failure   Level  Hunger
a - Pain                  Necr           ####         1%          1    None
v - Vampiric Draining     Necr           #####.....   2%          3    ##.....


Dungeon Overview and Level Annotations

Branches:
Dungeon (7/15)             Temple (1/1) D:6

Altars:
Ashenzari
Cheibriados
Dithmenos
Elyvilon
Fedhas
Gozag
Kikubaaqudgha
Makhleb
Okawaru
Qazlal
Ru
Sif Muna
Trog
Uskayaw
Xom
The Shining One

Annotations:
D:4 Pikel
D:5 othur's ghost, novice HOFi
D:6 Dowan; Menkaure


Innate Abilities, Weirdness & Mutations

You are resistant to damage.
You can heal yourself by infusing magical energy.
You passively map a small area around you.
You do not regenerate.


Message History

The orc warrior is severely wounded.
You feel life coursing into your body.
The orc warrior hits you with a scimitar!
* * * LOW HITPOINT WARNING * * *
Unknown command.
Unknown command.
Unknown command.
Unknown command.
Casting: Vampiric Draining
Confirm with . or Enter, or press ? or * to list all spells.
Aiming: Vampiric Draining
Press: ? - help, Shift-Dir - straight line, f/p - orc warrior
Aim: an orc warrior, wielding a scimitar and wearing a chain mail (severely wounded)
The orc warrior is almost dead.
You feel life coursing into your body.
Unknown command.
Unknown command.
The orc warrior hits you with a scimitar!!
You die...
Your body crumbles into a pile of gold.

* , , * , ,# ,
######.# ,* *
######......#.
, ,*
#......#.#...#
*
#.####o.....#*
* ≈ #. #"#
#@#.#.#.# *[.*
#.# #.....# ≈≈
8. #.# #....##
≈, #. #.#
#....# * #.
#.# #....# ##.
#.# ##....
≈≈,#(.###.####
##...
#8...#.#..#
*##..
####......# *
*


You could see an orc warrior.

Vanquished Creatures
  2 slaves
  2 ice beasts
  2 ogres
  A centaur (D:7)
  3 bullfrogs
  A howler monkey (D:4)
  2 bullfrog zombies (D:5)
  A centaur zombie (D:7)
  A jelly (D:6)
  6 orc wizards
  6 worker ants
  4 gnolls (D:3)
  2 adders
  A shadow imp (D:7)
  4 oozes (Sewer)
  6 worms
  A dart slug (D:2)
  8 leopard geckos
  10 orcs
  7 giant cockroaches
  4 goblins
  A hobgoblin (D:2)
  6 jackals
  7 kobolds
  3 quokkas
  2 ball pythons
  16 bats
  2 frilled lizards
  A leopard gecko skeleton (D:4)
  6 rats
118 creatures vanquished.

Notes
Turn   | Place    | Note
-------+----------+-------------------------------------------
     0 | D:1      | letownia2 the Deep Dwarf Necromancer began the quest for the Orb.
     0 | D:1      | Reached XP level 1. HP: 15/15 MP: 3/3
   101 | D:3      | Found a glowing drain.
   207 | Sewer    | Entered a sewer
   219 | Sewer    | Reached XP level 2. HP: 20/22 MP: 0/5
   496 | Sewer    | Reached skill level 5 in Necromancy
   990 | Sewer    | Reached XP level 3. HP: 26/28 MP: 0/6
  1013 | Sewer    | Learned a level 3 spell: Vampiric Draining
  1435 | D:3      | Reached XP level 4. HP: 19/36 MP: 0/7
  1506 | D:3      | Reached skill level 6 in Necromancy
  1856 | D:4      | Reached XP level 5. HP: 32/42 MP: 2/8
  1934 | D:4      | Noticed a slave
  1997 | D:3      | Found a shattered altar of Ashenzari.
  2413 | D:4      | Noticed an ogre
  2427 | D:3      | Reached skill level 1 in Fighting
  2427 | D:3      | Reached skill level 7 in Necromancy
  2508 | D:4      | Reached XP level 6. HP: 37/51 MP: 0/10
  2642 | D:4      | Found a glowing golden altar of the Shining One.
  2753 | D:4      | Reached skill level 1 in Armour
  3111 | D:4      | Noticed a slave
  3111 | D:4      | Noticed a slave
  3190 | D:4      | Noticed Pikel
  3191 | D:4      | Noticed a slave
  3277 | D:5      | Entered Level 5 of the Dungeon
  3333 | D:5      | Noticed othur's ghost (novice HOFi)
  3396 | D:5      | Noticed an ice beast
  3406 | D:5      | Killed an ice beast
  3406 | D:5      | Reached skill level 8 in Necromancy
  3406 | D:5      | Reached XP level 7. HP: 49/57 MP: 0/12
  3549 | D:5      | Found a sacrificial altar of Ru.
  3550 | D:5      | Found a bloodstained altar of Trog.
  3764 | D:4      | Found an ancient bone altar of Kikubaaqudgha.
  3853 | D:6      | Noticed Menkaure
  4043 | D:6      | Found a staircase to the Ecumenical Temple.
  4056 | Temple   | Entered the Ecumenical Temple
  4079 | Temple   | Became a worshipper of Gozag Ym Sagoz the Greedy
  6637 | D:5      | Found a burning altar of Makhleb.
  6945 | D:7      | Reached skill level 5 in Spellcasting
  6981 | D:7      | Reached XP level 8. HP: 61/64 MP: 8/16
  7475 | D:6      | Noticed Dowan
  7637 | D:7      | Slain by an orc warrior

Skill      XL: |  1  2  3  4  5  6  7  8 |
---------------+-------------------------+-----
Spellcasting   | 2 3 5 6 |  6.5
Necromancy     | 5 6 7 8 |  8.2
Fighting       | 1 |  1.4
Armour         | 1 |  1.2
Dodging        | |  2.1
Stealth        | |  2.4

Action                   |  1- 3 |  4- 6 |  7- 9 || total
-------------------------+-------+-------+-------++-------
Melee: Short sword       |    22 |    35 |    63 ||   120
       Staff             |       |       |    37 ||    37
Throw: Javelin           |       |       |    19 ||    19
 Cast: Pain              |    75 |    31 |   104 ||   210
       Vampiric Draining |     1 |    29 |    25 ||    55
  Use: Potion            |     1 |       |       ||     1
       Scroll            |       |     2 |     1 ||     3
  Eat: Chunk             |     3 |     9 |     5 ||    17
       Fruit             |       |       |     2 ||     2
       Bread ration      |       |       |     2 ||     2
       Royal jelly       |       |       |     1 ||     1
Armor: Robe              |    10 |     4 |       ||    14
       Ring mail         |       |     7 |    74 ||    81
Dodge: Dodged            |    37 |    47 |   133 ||   217
